PAA
NORTHVILLE ECLIPSE @ OLYMPIA OGRES
07/28/2042
 
TOP OF THE 1ST
Northville Eclipse batting - Pitching for Olympia Ogres : RHP Emery Manhoran
Pitching: RHP Emery Manhoran
Batting: LHB Jorge Napolez 0-0: Ball
1-0: Fly out, F8 (Flyball, 8LXD, EV 100.0 MPH)
Batting: RHB Daniel Marley 0-0: Fly out, F8 (Flyball, 89S, EV 88.8 MPH)
Batting: RHB Ricardo Urby 0-0: Ball
1-0: Ball
2-0: Called Strike
2-1: Foul Ball, location: 2F
2-2: Ground out 5-3 (Groundball, 56, EV 89.4 MPH)
Top of the 1st over - 0 runs, 0 hits, 0 errors, 0 left on base; Northville 0 - Olympia 0
BOTTOM OF THE 1ST
Olympia Ogres batting - Pitching for Northville Eclipse : RHP John Seawright
Pitching: RHP John Seawright
Batting: LHB Jeffery Smith 0-0: Ball
1-0: Fly out, F1 (Line Drive, P, EV 72.5 MPH)
Batting: SHB Nathan Brannon 0-0: Called Strike
0-1: Swinging Strike
0-2: Ball
1-2: Foul Ball, location: 2F
1-2: Foul Ball, location: 2F
1-2: Foul Ball, location: 2F
1-2: Strikes out looking
Batting: RHB Pepe Savinon 0-0: Called Strike
0-1: Ground out 5-3 (Groundball, 56, EV 87.5 MPH)
Bottom of the 1st over - 0 runs, 0 hits, 0 errors, 0 left on base; Northville 0 - Olympia 0
TOP OF THE 2ND
Northville Eclipse batting - Pitching for Olympia Ogres : RHP Emery Manhoran
Batting: RHB Jesús Mancebo 0-0: Called Strike
0-1: Ball
1-1: Foul Ball, location: 2F
1-2: Strikes out looking
Batting: SHB Shing Li 0-0: Ball
1-0: Called Strike
1-1: Fly out, F7 (Flyball, 7LSF, EV 92.5 MPH)
Batting: SHB Javier Murillo 0-0: Ball
1-0: Called Strike
1-1: DOUBLE (Groundball, 3L, EV 100.6 MPH)
Batting: RHB Rafael Manawis 0-0: Ball
1-0: Ball
2-0: Called Strike
2-1: Ground out 4-3 (Groundball, 34, EV 88.8 MPH)
Top of the 2nd over - 0 runs, 1 hit, 0 errors, 1 left on base; Northville 0 - Olympia 0
BOTTOM OF THE 2ND
Olympia Ogres batting - Pitching for Northville Eclipse : RHP John Seawright
Batting: LHB Sariyah Fateen 0-0: Called Strike
0-1: Ball
1-1: Called Strike
1-2: DOUBLE (Flyball, 89XD, EV 99.4 MPH)
Batting: RHB Paul Stark 0-0: Swinging Strike
0-1: Foul Ball, location: 2F
0-2: SINGLE (Groundball, 6MD, EV 99.4 MPH)
Sariyah Fateen to third
Batting: RHB Gyoo-jae Kil 0-0: Ball
1-0: Called Strike
1-1: Fly out, F8 (Flyball, 8RS, EV 69.4 MPH)
Batting: RHB Noud Baggerman 0-0: Foul Ball, location: 2F
0-1: Ball
1-1: Ball
Pickoff Throw by Catcher to First - Out!
2-1: Ground out 6-3 (Groundball, 6, EV 86.9 MPH)
Bottom of the 2nd over - 0 runs, 2 hits, 0 errors, 1 left on base; Northville 0 - Olympia 0
TOP OF THE 3RD
Northville Eclipse batting - Pitching for Olympia Ogres : RHP Emery Manhoran
Batting: RHB Junji Ito 0-0: Called Strike
0-1: Foul Ball, location: 2F
0-2: Foul Ball, location: 2F
0-2: Ball
1-2: Fly out, F4 (Popup, 34, EV 68.8 MPH)
Batting: RHB Bastien Oudin 0-0: Ball
1-0: Ball
2-0: Ball
3-0: Called Strike
3-1: Foul Ball, location: 2F
3-2: Base on Balls
Batting: LHB Jorge Napolez 0-0: Ball
1-0: Foul Ball, location: 2F
1-1: Foul Ball, location: 2F
1-2: Strikes out swinging
Batting: RHB Daniel Marley 0-0: Ball
1-0: Called Strike
1-1: Swinging Strike
1-2: Ball
2-2: Ball
3-2: SINGLE (Line Drive, 89S, EV 95.6 MPH)
Bastien Oudin to second
Bastien Oudin to third
Batting: RHB Ricardo Urby 0-0: Ball
1-0: Foul Ball, location: 2F
1-1: Ball
2-1: Swinging Strike
2-2: Foul Ball, location: 2F
2-2: Ball
3-2: Foul Ball, location: 2F
3-2: Ground out 6-3 (Groundball, 6MS, EV 63.8 MPH)
Top of the 3rd over - 0 runs, 1 hit, 0 errors, 2 left on base; Northville 0 - Olympia 0
BOTTOM OF THE 3RD
Olympia Ogres batting - Pitching for Northville Eclipse : RHP John Seawright
Batting: RHB Donald Boyd 0-0: Foul Ball, location: 2F
0-1: Called Strike
0-2: Strikes out swinging
Batting: RHB Alfonso Pereyra 0-0: Ball
1-0: Ball
2-0: SINGLE (Groundball, 56D, EV 96.9 MPH)
Batting: LHB Jeffery Smith 0-0: Called Strike
0-1: Foul Ball, location: 2F
0-2: SINGLE (Line Drive, 8LS, EV 95.6 MPH)
Alfonso Pereyra to second
Batting: SHB Nathan Brannon 0-0: Called Strike
0-1: Foul Ball, location: 2F
0-2: Ball
1-2: Foul Ball, location: 2F
1-2: Foul Ball, location: 2F
1-2: Foul Ball, location: 2F
1-2: Foul Ball, location: 2F
1-2: Strikes out swinging
Batting: RHB Pepe Savinon 0-0: Ball
1-0: Swinging Strike
1-1: Foul Ball, location: 2F
1-2: Strikes out swinging
Bottom of the 3rd over - 0 runs, 2 hits, 0 errors, 2 left on base; Northville 0 - Olympia 0
TOP OF THE 4TH
Northville Eclipse batting - Pitching for Olympia Ogres : RHP Emery Manhoran
Batting: RHB Jesús Mancebo 0-0: Ball
1-0: Foul Ball, location: 2F
1-1: Ball
2-1: Swinging Strike
2-2: Fly out, F8 (Line Drive, 8LD, EV 87.5 MPH)
Batting: SHB Shing Li 0-0: Ball
1-0: Swinging Strike
1-1: Swinging Strike
1-2: Ball
2-2: Fly out, F8 (Flyball, 8RM, EV 84.4 MPH)
Batting: SHB Javier Murillo 0-0: Foul Ball, location: 2F
0-1: Swinging Strike
0-2: Ball
1-2: Foul Ball, location: 2F
1-2: Ball
2-2: Ball
3-2: Fly out, F8 (Flyball, 8LD, EV 93.8 MPH)
Top of the 4th over - 0 runs, 0 hits, 0 errors, 0 left on base; Northville 0 - Olympia 0
BOTTOM OF THE 4TH
Olympia Ogres batting - Pitching for Northville Eclipse : RHP John Seawright
Batting: LHB Sariyah Fateen 0-0: Foul Ball, location: 2F
0-1: Called Strike
0-2: Strikes out swinging
Batting: RHB Paul Stark 0-0: Fly out, F6 (Popup, 6MS, EV 78.1 MPH)
Batting: RHB Gyoo-jae Kil 0-0: Called Strike
0-1: Ground out 6-3 (Groundball, 6S, EV 91.2 MPH)
Bottom of the 4th over - 0 runs, 0 hits, 0 errors, 0 left on base; Northville 0 - Olympia 0
TOP OF THE 5TH
Northville Eclipse batting - Pitching for Olympia Ogres : RHP Emery Manhoran
Batting: RHB Rafael Manawis 0-0: Called Strike
0-1: Fly out, F6 (Popup, 4MS, EV 78.1 MPH)
Batting: RHB Junji Ito 0-0: Called Strike
0-1: Hit by Pitch
Batting: RHB Bastien Oudin 0-0: Called Strike
0-1: Called Strike
0-2: Ball
1-2: Ball
2-2: Strikes out looking
Batting: LHB Jorge Napolez 0-0: Ball
1-0: Foul Ball, location: 2F
1-1: Ball
2-1: Ball
3-1: Swinging Strike
3-2: Ground out 5-3 (Groundball, 56, EV 102.5 MPH)
Top of the 5th over - 0 runs, 0 hits, 0 errors, 1 left on base; Northville 0 - Olympia 0
BOTTOM OF THE 5TH
Olympia Ogres batting - Pitching for Northville Eclipse : RHP John Seawright
Batting: RHB Noud Baggerman 0-0: Called Strike
0-1: Ball
1-1: Swinging Strike
1-2: Foul Ball, location: 2F
1-2: Ball
2-2: Ball
3-2: Strikes out looking
Batting: RHB Donald Boyd 0-0: Ball
1-0: SINGLE (Groundball, 34D, EV 97.5 MPH)
Batting: RHB Alfonso Pereyra 0-0: Ball
1-0: Ball
2-0: Ball
3-0: Base on Balls
Donald Boyd to second
Batting: LHB Jeffery Smith 0-0: Ball
1-0: Ball
2-0: Foul Ball, location: 2F
2-1: Foul Ball, location: 2F
2-2: Strikes out swinging
Batting: SHB Nathan Brannon 0-0: Ball
1-0: Ball
2-0: Foul Ball, location: 2F
2-1: Foul Ball, location: 2F
2-2: Fly out, F8 (Line Drive, 8RM, EV 93.8 MPH)
Bottom of the 5th over - 0 runs, 1 hit, 0 errors, 2 left on base; Northville 0 - Olympia 0
TOP OF THE 6TH
Northville Eclipse batting - Pitching for Olympia Ogres : RHP Emery Manhoran
Batting: RHB Daniel Marley 0-0: Called Strike
0-1: Called Strike
0-2: Foul Ball, location: 2F
0-2: Foul Ball, location: 2F
0-2: Ball
1-2: Ball
2-2: Fly out, F3 (Popup, 3SF, EV 84.4 MPH)
Batting: RHB Ricardo Urby 0-0: Called Strike
0-1: Ball
1-1: Ball
2-1: Swinging Strike
2-2: Fly out, F8 (Flyball, 8RXD, EV 80.6 MPH)
Batting: RHB Jesús Mancebo 0-0: Called Strike
0-1: Swinging Strike
0-2: Foul Ball, location: 2F
0-2: Foul Ball, location: 2F
0-2: Ball
1-2: Ball
2-2: Ball
3-2: Strikes out swinging
Top of the 6th over - 0 runs, 0 hits, 0 errors, 0 left on base; Northville 0 - Olympia 0
BOTTOM OF THE 6TH
Olympia Ogres batting - Pitching for Northville Eclipse : RHP John Seawright
Batting: RHB Pepe Savinon 0-0: Ball
1-0: Foul Ball, location: 2F
1-1: Ground out 5-3 (Groundball, 56, EV 103.8 MPH)
Batting: LHB Sariyah Fateen 0-0: Called Strike
0-1: Ball
1-1: Foul Ball, location: 2F
1-2: Fly out, F7 (Flyball, 7S, EV 80.0 MPH)
Batting: RHB Paul Stark 0-0: Ball
1-0: Called Strike
1-1: Ball
2-1: Ball
3-1: Base on Balls
Batting: RHB Gyoo-jae Kil 0-0: Ground out 4-3 (Groundball, 4, EV 78.1 MPH)
Bottom of the 6th over - 0 runs, 0 hits, 0 errors, 1 left on base; Northville 0 - Olympia 0
TOP OF THE 7TH
Northville Eclipse batting - Pitching for Olympia Ogres : RHP Emery Manhoran
Pitching: LHP Virgil Gilbert
Batting: SHB Shing Li 0-0: Ball
1-0: Ball
2-0: Foul Ball, location: 2F
2-1: Swinging Strike
2-2: Ball
3-2: Base on Balls
Batting: SHB Javier Murillo 0-0: Called Strike
0-1: Foul Ball, location: 2F
0-2: Fly out, F9 (Flyball, 89S, EV 91.9 MPH)
Batting: RHB Rafael Manawis 0-0: Ball
1-0: Foul Ball, location: 2F
1-1: Foul Ball, location: 2F
1-2: SINGLE (Groundball, 6MD, EV 103.8 MPH)
Shing Li to second
Batting: RHB Junji Ito 0-0: Fielders Choice at 2nd, 6-4 (Groundball, 56D, EV 87.5 MPH)
Shing Li to third
Batting: RHB Bastien Oudin 0-0: Called Strike
0-1: Ball
1-1: Ball
2-1: Foul Ball, location: 2F
2-2: Fielders Choice at 2nd, 6-4 (Groundball, 6, EV 86.2 MPH)
Top of the 7th over - 0 runs, 1 hit, 0 errors, 2 left on base; Northville 0 - Olympia 0
BOTTOM OF THE 7TH
Olympia Ogres batting - Pitching for Northville Eclipse : RHP John Seawright
Batting: RHB Noud Baggerman 0-0: Called Strike
0-1: Foul Ball, location: 2F
0-2: Strikes out swinging
Batting: RHB Donald Boyd 0-0: Ball
1-0: Ball
2-0: Ground out 3-1 (Groundball, 3, EV 83.8 MPH)
Batting: RHB Alfonso Pereyra 0-0: Ball
1-0: SINGLE (Groundball, 56D, EV 109.4 MPH)
Batting: LHB Jeffery Smith 0-0: Foul Ball, location: 2F
0-1: Ball
1-1: Ball
2-1: Foul Ball, location: 2F
2-2: Ball
3-2: Strikes out swinging
Bottom of the 7th over - 0 runs, 1 hit, 0 errors, 1 left on base; Northville 0 - Olympia 0
TOP OF THE 8TH
Northville Eclipse batting - Pitching for Olympia Ogres : LHP Virgil Gilbert
Batting: LHB Jorge Napolez 0-0: Called Strike
0-1: Foul Ball, location: 2F
0-2: Ball
1-2: Foul Ball, location: 2F
1-2: Ball
2-2: Strikes out swinging
Batting: RHB Daniel Marley 0-0: Ball
1-0: Foul Ball, location: 2F
1-1: Ball
2-1: Ball
3-1: Foul Ball, location: 2F
3-2: Foul Ball, location: 2F
3-2: Foul Ball, location: 2F
3-2: SINGLE (Groundball, 6MD, EV 106.2 MPH)
Batting: RHB Ricardo Urby 0-0: Ball
1-0: Fly out, F8 (Flyball, 78XD, EV 88.1 MPH)
Batting: RHB Jesús Mancebo 0-0: Ball
1-0: SINGLE (Line Drive, 89S, EV 88.1 MPH)
Daniel Marley to second
Runner from 2nd tries for 3rd, SAFE, throw by RF made to third
Batting: SHB Shing Li 0-0: Ball
1-0: Reached on error, E3 (Groundball, 34, EV 86.9 MPH)
Daniel Marley scores
Jesús Mancebo to third
Batting: SHB Javier Murillo 0-0: Ball
1-0: Called Strike
1-1: Called Strike
1-2: Strikes out swinging
Top of the 8th over - 1 run, 2 hits, 1 error, 2 left on base; Northville 1 - Olympia 0
BOTTOM OF THE 8TH
Olympia Ogres batting - Pitching for Northville Eclipse : RHP John Seawright
Batting: SHB Nathan Brannon 0-0: Foul Ball, location: 2F
0-1: Ball
1-1: Ball
2-1: Ball
3-1: Ground out U3 (Groundball, 3, EV 90.0 MPH)
Batting: RHB Pepe Savinon 0-0: SINGLE (Line Drive, 9LM, EV 105.0 MPH)
Pitching: LHP Jake Mitchell
Batting: LHB Sariyah Fateen 0-0: Foul Ball, location: 2F
0-1: Foul Ball, location: 2F
0-2: Ball
1-2: Foul Ball, location: 2F
1-2: SINGLE (Line Drive, 8LS, EV 106.9 MPH)
Pepe Savinon to second
Batting: RHB Paul Stark 0-0: Called Strike
0-1: Ball
1-1: Ball
2-1: Ball
3-1: Foul Ball, location: 2F
3-2: Foul Ball, location: 2F
3-2: Base on Balls
Pepe Savinon to third
Sariyah Fateen to second
Batting: RHB Gyoo-jae Kil 0-0: Ball
1-0: Ball
2-0: Called Strike
2-1: Swinging Strike
2-2: Ball
3-2: Base on Balls
Pepe Savinon scores
Sariyah Fateen to third
Paul Stark to second
Batting: RHB Noud Baggerman 0-0: Called Strike
0-1: Swinging Strike
0-2: Fly out, F7 (Flyball, 7LM, EV 96.2 MPH)
Runner from 3rd tags up, SCORES, throw by LF
Batting: RHB Donald Boyd 0-0: Fielders Choice at 2nd, 5-4 (Groundball, 56, EV 80.0 MPH)
Bottom of the 8th over - 2 runs, 2 hits, 0 errors, 2 left on base; Northville 1 - Olympia 2
TOP OF THE 9TH
Northville Eclipse batting - Pitching for Olympia Ogres : LHP Virgil Gilbert
Pitching: LHP Zach Brown
Batting: RHB Rafael Manawis 0-0: Foul Ball, location: 2F
0-1: Ball
1-1: Ball
2-1: Swinging Strike
2-2: Foul Ball, location: 2F
2-2: Ball
3-2: Strikes out swinging
Batting: RHB Junji Ito 0-0: Swinging Strike
0-1: Swinging Strike
0-2: Strikes out swinging
Batting: RHB Bastien Oudin 0-0: Ball
1-0: Ball
2-0: Foul Ball, location: 2F
2-1: Foul Ball, location: 2F
2-2: Fly out, F9 (Line Drive, 9D, EV 97.5 MPH)
Top of the 9th over - 0 runs, 0 hits, 0 errors, 0 left on base; Northville 1 - Olympia 2
Friday, March 26th, 2021 - OOTP Baseball 20.8 Build 74